 Dungeon Crawl Stone Soup version 0.29-a0-994-gc5c9f59d18 (webtiles) character file.

Game seed: 4934435385100685187

259 quixfox the Digger (level 6, 0/32 HPs)
             Began as a Gargoyle Earth Elementalist on Aug 4, 2022.
             Killed by divine providence
             ... invoked by an orc priest
              (11 damage)
             ... on level 4 of the Dungeon.
             The game lasted 00:06:18 (4012 turns).

quixfox the Digger (Gargoyle Earth Elementalist)    Turns: 4012, Time: 00:06:18

Health: 0/32       AC:  7    Str: 11    XL:     6   Next: 17%
Magic:  8/12       EV: 11    Int: 18    God:
Gold:   107        SH:  0    Dex: 10    Spells: 12/13 levels left

rFire   . . .      SeeInvis .   t - +2 flail (drain)
rCold   . . .      Faith    .   (no shield)
rNeg    + . .      Spirit   .   a - +0 robe
rPois   ∞          Reflect  .   h - +0 helmet
rElec   +          Harm     .   (no cloak)
rCorr   +          Rampage  .   (no gloves)
Will    .....                   (no boots)
Stlth   ++........              (no amulet)
HPRegen 0.10/turn               d - ring of resist corrosion
MPRegen 0.13/turn               (no ring)

@: no status effects
A: sickness immunity, AC +4, negative energy resistance 1, electricity
resistance, torment resistance 1, petrification resistance
a: no special abilities


You were on level 4 of the Dungeon.
You visited 1 branch of the dungeon, and saw 4 of its levels.

You collected 107 gold pieces.

Inventory:

Hand Weapons
 t - a +2 flail of draining (weapon)
Armour
 a - a +0 robe (worn)
 f - a +0 buckler
 h - a +0 helmet (worn)
Jewellery
 d - a ring of resist corrosion (left hand)
 m - an amulet of faith
Wands
 g - a wand of digging (7)
 p - a wand of paralysis (7)
Scrolls
 e - a scroll of blinking
 j - 3 scrolls of teleportation
 l - a scroll of magic mapping {unknown}
 n - a scroll of fear {unknown}
 o - a scroll of amnesia {unknown}
 s - a scroll of enchant armour {unknown}
Potions
 b - a potion of magic
 i - a potion of resistance
 k - 2 potions of curing
 q - a potion of berserk rage {unknown}
 r - a potion of mutation {unknown}


   Skills:
 - Level 1.5 Dodging
 - Level 2.1 Stealth
 + Level 4.3 Spellcasting
 - Level 0.7 Transmutations
 + Level 6.2 Earth Magic


You had 12 spell levels left.
You knew the following spells:

 Your Spells              Type           Power      Damage    Failure   Level
a - Sandblast             Erth           52%        2d12      1%          1

Your spell library contained the following spells:

 Spells                   Type           Power      Damage    Failure   Level
 Passwall                 Tmut/Erth      13%        N/A       5%          2
 Stone Arrow              Conj/Erth      30%        3d8       12%         3
 Petrify                  Tmut/Erth      16%        N/A       34%         4
 Frozen Ramparts          Ice            6%         1d8       41%         3
 Ice Form                 Ice/Tmut       5%         N/A       77%         4
 Summon Ice Beast         Ice/Summ       3%         N/A       82%         4
 Conjure Ball Lightning   Conj/Air       1%         3x3d6     100%        6
 Discord                  Hex            1%         N/A       100%        8
 Disjunction              Tloc           1%         N/A       100%        8


Dungeon Overview and Level Annotations

Branches:
Dungeon (4/15)
 Temple: D:4-7

Altars:

Annotations:
D:3 3 runed translucent doors, Valamore's ghost, amateur BaIE


Innate Abilities, Weirdness & Mutations

You are immune to sickness and miasma.
Your stone body is resilient. (AC +4)
You are immune to poison.
You resist negative energy. (rN+)
You are resistant to electric shocks. (rElec)
You are resistant to unholy torment.
You are immune to petrification.


Message History

The orc shouts! x2; You hear a shout!
An orc priest comes into view. It is wielding a +0 flail.
An orc comes into view. It is wielding a +0 club.
An orc priest comes into view. It is wielding a +0 club.
The orc priest shouts! x2; The orc shouts!
The orc throws a boomerang.
The boomerang hits you.
You start resting.
HP restored.
Aiming: Sandblast (safe; 1% risk of failure)
Press: ? - help, Q - select action, (/) - cycle Shift-Dir - straight line, f - orc
Aim: an orc, wielding a +0 short sword (83% to hit)
The blast of sand hits the orc!
You kill the orc!
Aiming: Sandblast (safe; 1% risk of failure)
Press: ? - help, Q - select action, (/) - cycle Shift-Dir - straight line, f - orc
Aim: an orc, wielding a +0 club (83% to hit)
The blast of sand hits the orc!
You kill the orc!
Aiming: Sandblast (safe; 1% risk of failure)
Press: ? - help, Q - select action, (/) - cycle Shift-Dir - straight line, f - orc
Aim: an orc, wielding a +0 dagger and quivering boomerangs (83% to hit)
The blast of sand hits the orc!
You kill the orc!
Aiming: Sandblast (safe; 1% risk of failure)
Press: ? - help, Q - select action, (/) - cycle Shift-Dir - straight line, f - orc priest
Aim: an orc priest, wielding a +0 club and wearing a +0 leather armour (83% to hit)
The blast of sand hits the orc priest!
The orc priest is severely wounded.
The orc priest mumbles some strange prayers to Beogh against you.
Beogh smites you!
You hear a shout!
Aiming: Sandblast (safe; 1% risk of failure)
Press: ? - help, Q - select action, (/) - cycle Shift-Dir - straight line, f/p - orc priest
Aim: an orc priest, wielding a +0 club and wearing a +0 leather armour (severely wounded, 83% to hit)
The blast of sand hits the orc priest.
The orc priest is almost dead.
The orc priest invokes the aid of Beogh against you.
Beogh smites you!
The orc priest invokes the aid of Beogh against you.
Beogh smites you!
You die...

#####.#.######
..####.#.....#.......
......#†##......#..#
#.#...#.##..........
#.#...#.##......#..#
......#.....#.##.>........
#.#oo.#.#.....#<##...#######
#.......#..o..#.##...#
#.....o.#oo@))..##...###.#
#..oo.o.#)#'######)......#
#.#...#.#.#.######.#......
#.......#o#........#########
........o.########..........
................#....##.....
############.......><##.....
#.........##.....
#.........##...^.


You could see 2 orc priests and an orc.

Vanquished Creatures
  A scorpion (D:4)
  2 iguanas
  3 gnolls (D:4)
  2 adders
  3 worms
  2 dart slugs
  5 orcs
  5 endoplasms
  5 giant cockroaches
  3 goblins
  9 hobgoblins
  2 jackals (D:1)
  6 kobolds
  6 quokkas
  11 ball pythons
  6 bats
  3 frilled lizards
  7 rats
81 creatures vanquished.

Notes
Turn   | Place    | Note
-------+----------+-------------------------------------------
     0 | D:1      | quixfox the Gargoyle Earth Elementalist began the quest for
                  | the Orb.
     0 | D:1      | Reached XP level 1. HP: 10/10 MP: 3/3
   204 | D:1      | Reached XP level 2. HP: 15/15 MP: 1/5
   267 | D:1      | Reached skill level 4 in Earth Magic
   824 | D:1      | Reached XP level 3. HP: 19/19 MP: 2/7
  1792 | D:2      | Reached XP level 4. HP: 19/24 MP: 4/8
  2495 | D:3      | Reached skill level 5 in Earth Magic
  3350 | D:3      | Found a runed translucent gate.
  3350 | D:3      | Found a runed translucent gate.
  3352 | D:3      | Found a runed translucent gate.
  3353 | D:3      | Noticed Valamore's ghost (amateur BaIE)
  3395 | D:3      | Noticed an ogre
  3562 | D:3      | Reached XP level 5. HP: 28/28 MP: 8/10
  3879 | D:4      | Reached skill level 6 in Earth Magic
  3930 | D:4      | Reached XP level 6. HP: 32/32 MP: 10/12
  4012 | D:4      | Killed from afar by an orc priest

Illustrated notes

Levels and vault maps discovered:
D:1:      spicycebolla_green_bress_n_ham_2, layout_loops_corners
D:2:      layout_loops_corners, minmay_tiny_reverse_x
D:3:      layout_basic, gammafunk_ghost_split
D:4:      cheibrodos_pilgrimage, layout_basic, minmay_temple_entry_nine_rooms,
          columned_hall_lemuel

Skill      XL: |  1  2  3  4  5 |
---------------+----------------+-----
Earth Magic    | 4 5 6 |  6.2
Spellcasting   | 3 4 |  4.3
Dodging        | |  1.5
Stealth        | |  2.1
Transmutations | |  0.7

Action                   |  1- 3 |  4- 6 || total
-------------------------+-------+-------++-------
Melee: Mace              |     2 |       ||     2
       Flail             |       |     1 ||     1
 Cast: Sandblast         |    53 |    65 ||   118
  Use: Scroll            |       |     4 ||     4
Armor: Robe              |     6 |     5 ||    11
Dodge: Dodged            |    23 |    12 ||    35

Table legend: (Time is in decaauts)
 A = Elapsed time spent in this place.
 B = Non-inter-level travel time spent in this place.
 C = Inter-level travel time spent in this place.
 D = Time resting spent in this place.
 E = Time spent auto-exploring this place.
 F = Levels seen in this place.
 G = Mean time per level.
                   A        B        C        D        E       F      G
               +--------+--------+--------+--------+--------+-----+--------+
         Total |   4130 |   3999 |    131 |    422 |   2861 |   4 | 1032.5 |
       Dungeon |   4130 |   3999 |    131 |    422 |   2861 |   4 | 1032.5 |
               +--------+--------+--------+--------+--------+-----+--------+

Top non-repeatable levels by time:
     D:3: 1387 daAuts
     D:1: 1325 daAuts
     D:2: 1055 daAuts
     D:4: 362 daAuts
